 Dungeon Crawl Stone Soup version 0.18.1-48-g4cf74bf (webtiles) character file.

60 CInkIbrahim the Ducker (level 3, 0/40 HPs)
             Began as a Vampire Gladiator on June 30, 2016.
             Killed by divine providence
             ... invoked by an orc priest
              (11 damage)
             ... on level 4 of the Dungeon.
             The game lasted 00:04:51 (1142 turns).

CInkIbrahim the Ducker (Vampire Gladiator)          Turns: 1142, Time: 00:04:52

Health: 0/40       AC: 21    Str: 14    XL:     3   Next: 80%
Magic:  3/3        EV:  2    Int: 10    God:
Gold:   119        SH:  0    Dex: 20    Spells: 0 memorised, 2 levels left

rFire  . . .     SeeInvis +     a - +0 trident
rCold  . . .     Gourm    .     (armour currently unavailable)
rNeg   + + +     Faith    .     (no shield)
rPois  +         Spirit   .     (helmet currently unavailable)
rElec  .         Dismiss  .     (cloak currently unavailable)
rCorr  .         Reflect  .     (gloves currently unavailable)
SustAt .         Harm     .     (boots currently unavailable)
MR     .....     NoTele   +     (no amulet)
Stlth  +++.......               (no ring)
                                (no ring)

@: agile, tree-form, regenerating quickly, not resistant to hostile
enchantments, fairly stealthy
A: (fangs 0), see invisible, (unbreathing)
a: no special abilities


You were on level 4 of the Dungeon.
You were very full.
You were a tree.
You visited 1 branch of the dungeon, and saw 3 of its levels.

You collected 119 gold pieces.

Inventory:

Hand Weapons
 a - a +0 trident (weapon)
Missiles
 d - 3 throwing nets (quivered)
Armour
 b - a +0 leather armour (melded)
 c - a +0 helmet (melded)
Scrolls
 i - a scroll of teleportation
 j - a scroll of blinking
 k - a scroll of amnesia {unknown}
 l - a scroll of enchant weapon {unknown}
 n - a scroll of fog {unknown}
Potions
 e - a potion of blood
 f - 2 potions of might
 h - a potion of brilliance
 m - a potion of lignification


   Skills:
 + Level 2.1 Fighting
 * Level 3.5 Polearms
 - Level 1.5 Throwing
 + Level 0.2 Armour
 + Level 4.0 Dodging
 + Level 0.4 Stealth


You had 2 spell levels left.
You didn't know any spells.

Dungeon Overview and Level Annotations

Branches:
Dungeon (2/15)

Altars:


Innate Abilities, Weirdness & Mutations

Your natural rate of healing is unusually fast.
((You have razor-sharp teeth.))
You have supernaturally acute eyesight.
((You can survive without breathing.))


Message History

The orc priest misses you.
Drink which item? (? for menu, Esc to quit)
It was a potion of lignification.
You turn into a tree.
Your +0 helmet melds into your body.
Your +0 leather armour melds into your body.
Your roots penetrate the ground.
Drink which item? (? for menu, Esc to quit)
It was a potion of agility.
You feel agile all of a sudden.
The orc priest looks braver for a moment.
You cannot move.
You are too injured to fight recklessly!
You are too injured to fight recklessly!
You are too injured to fight recklessly!
You are too injured to fight recklessly!
You hit the orc priest.
The orc priest is heavily wounded.
The orc priest calls down the wrath of Beogh upon you.
Beogh smites you!
You die...

###### #.....
#<#### #########
#.# #######..oo♣..#
#.# .......)#####.#
#.# ......#.#
#.#########.# ##
..### #.#
#...........# #.
##.#.#
#.###.####### #.
.....#####........#
#.
.......÷..........#
#.
##.#.######.......#
#. #.# #..........
#.


You could see an orc priest and an orc.

Vanquished Creatures
  An adder (D:2)
  2 worms
  A dart slug (D:1)
  A giant gecko (D:2)
  2 orcs (D:4)
  5 bats
  2 bat zombies (D:1)
  A giant cockroach (D:2)
  8 goblins
  5 hobgoblins
  2 giant newts
  4 kobolds
  6 rats (D:1)
40 creatures vanquished.

Notes
Turn   | Place    | Note
--------------------------------------------------------------
     0 | D:1      | CInkIbrahim the Vampire Gladiator began the quest for the Orb.
     0 | D:1      | Reached XP level 1. HP: 16/16 MP: 1/1
   202 | D:1      | Reached XP level 2. HP: 19/22 MP: 2/2
   745 | D:1      | Reached XP level 3. HP: 27/27 MP: 3/3
   929 | D:2      | Reached skill level 4 in Dodging
  1005 | D:2      | You fall through a shaft for 2 floors!
  1142 | D:4      | Killed from afar by an orc priest

Skill      XL: |  1  2  3 |
---------------+----------+-----
Polearms       | 3 |  3.5
Dodging        | 4 |  4.0
Fighting       | 2 |  2.1
Throwing       | |  1.5
Armour         | |  0.2
Stealth        | |  0.4

Action                   || total
-------------------------++-------
Melee: Trident           ||   123
       Bite              ||     6
  Use: Scroll            ||     4
       Potion            ||     2
 Stab: Sleeping          ||     1
  Eat: Corpse            ||    11
Armor: Leather armour    ||    23
Dodge: Dodged            ||    77
